 Dungeon Sprint DCSS version 0.31-a0-196-g86fe4a5e66 (webtiles) character file.

Game seed: 3381357782980588511

168 rocky1 the Poker (level 5, -16/42 HPs)
             Began as a Demonspawn Gladiator on June 25, 2023.
             Demolished by a shadow (18 damage)
             ... in the Dungeon (Sprint III: "The Ten Rune Challenge").
             The game lasted 00:01:15 (1069 turns).

rocky1 the Poker (Demonspawn Gladiator)             Turns: 1069, Time: 00:01:16

Health: -16/42     AC:  8    Str: 17    XL:     5   Next: 23%
Magic:  5/5        EV: 14    Int:  9    God:
Gold:   20         SH:  4    Dex: 14    Spells: 4/4 levels left

rFire   . . .        a - +0 trident
rCold   . . .        (no shield)
rNeg    . . .        b - +0 leather armour
rPois   .            c - +0 helmet
rElec   .            (no cloak)
rCorr   .            (no gloves)
SInv    .            (no boots)
Will    .....        (no amulet)
Stlth   ++           (no ring)
HPRegen 0.27/turn    (no ring)
MPRegen 0.18/turn

%: no teleportation
@: no status effects
A: claws 1, icemail 1, magic regeneration, condensation shield
a: no special abilities


You were in the Dungeon.
You visited 1 branch You collected 20 gold pieces.

Inventory:

Hand Weapons
 a - a +0 trident (weapon)
Missiles
 d - 2 throwing nets
Armour
 b - a +0 leather armour (worn)
 c - a +0 helmet (worn)
Scrolls
 k - a scroll of blinking
 m - a scroll of torment {unknown}
 n - 3 scrolls of identify
 p - a scroll of immolation {unknown}
Potions
 f - 3 potions of curing
 h - a potion of haste
 i - 2 potions of magic
 l - 4 potions of mutation {unknown}
 o - a potion of brilliance {unknown}
 q - a potion of attraction {unknown}
 r - 2 potions of enlightenment


   Skills:
 + Level 4.1 Fighting
 + Level 6.7 Polearms
 + Level 3.8 Throwing
 + Level 2.1 Armour
 + Level 5.6 Dodging
 + Level 1.5 Stealth


You had 4 spell levels left.
You didn't know any spells.
Your spell library was empty.

Dungeon Overview and Level Annotations

Branches:
Dungeon (1/1)

Altars:


Innate Abilities, Weirdness & Mutations

You have sharp fingernails.
A meltable icy envelope protects you from harm. (AC +4)
You regenerate magic rapidly.
A meltable shield of frost defends you. (SH +4)


Message History

You barely miss something.
The shadow strikes at you from the darkness!
Reactivating autopickup.
You hit the shadow but do no damage.
The shadow is heavily damaged.
The shadow hits you.
* * * LOW HITPOINT WARNING * * *
You closely miss the shadow.
The shadow is heavily damaged.
The shadow closely misses you.
You hit the shadow but do no damage.
The shadow is heavily damaged.
The shadow hits you.
You closely miss the shadow.
The shadow is heavily damaged.
You block the shadow's attack.
You feel much better.
The shadow slips into darkness.
The shadow flickers and vanishes!
Deactivating autopickup; reactivate with Ctrl-A.
You miss something.
The shadow strikes at you from the darkness!
Ouch! That really hurt!
* * * LOW HITPOINT WARNING * * *
Reactivating autopickup.
You hit the shadow but do no damage.
The shadow is heavily damaged.
The shadow barely misses you.
You hit the shadow but do no damage.
The shadow is heavily damaged.
The shadow hits you!
* * * LOW HITPOINT WARNING * * *
You barely miss the shadow.
The shadow is heavily damaged.
The shadow slips into darkness.
The shadow flickers and vanishes!
Deactivating autopickup; reactivate with Ctrl-A.
You barely miss something. Your claw misses something.
The shadow strikes at you from the darkness!
You die...

▓▓▓ ##.# ####..#
#..#..#
#..#..###+#+###+##
##'#..#..........#
###...'.⌠........#
###...#...######@#
##....#.⌠.# #.{.#
#.....#...# #...#
......#+### #...#
#.....# #...+
##....# +..(#
▓▓▓▓▓▓ ▓▓▓▓▓


There were no monsters in sight!

Vanquished Creatures
  A scorpion (D)
  A water elemental (D)
  A jelly (D)
  A human (D)
  An endoplasm (D)
  3 rats (D)
8 creatures vanquished.

Notes
Turn   | Place    | Note
-------+----------+-------------------------------------------
     0 | D        | rocky1 the Demonspawn Gladiator began the quest for the
                  | Orb.
     0 | D        | Reached XP level 1. HP: 16/16 MP: 1/1
    12 | D        | Reached skill level 3 in Polearms
    63 | D        | Reached skill level 4 in Polearms
    63 | D        | Gained mutation: You have sharp fingernails. [demonic
                  | ancestry]
    63 | D        | Reached XP level 2. HP: 16/23 MP: 2/2
   270 | D        | Noticed a scorpion
   278 | D        | Killed a scorpion
   279 | D        | Reached skill level 5 in Polearms
   279 | D        | Reached skill level 1 in Armour
   279 | D        | Gained mutation: A meltable shield of frost defends you.
                  | (SH +4) [demonic ancestry]
   279 | D        | Reached XP level 3. HP: 20/29 MP: 3/3
   279 | D        | Gained mutation: A meltable icy envelope protects you from
                  | harm. (AC +4) [demonic ancestry]
   279 | D        | Reached XP level 4. HP: 25/35 MP: 4/4
   576 | D        | Noticed a water elemental
   582 | D        | Killed a water elemental
   583 | D        | Reached skill level 6 in Polearms
   583 | D        | Reached skill level 5 in Dodging
   583 | D        | Reached skill level 1 in Stealth
   795 | D        | Gained mutation: You regenerate magic rapidly. [demonic
                  | ancestry]
   795 | D        | Reached XP level 5. HP: 42/42 MP: 5/5
  1047 | D        | Noticed a shadow
  1067 | D        | HP: 1/42 [shadow (10)]
  1069 | D        | Demolished by a shadow

Illustrated notes

Levels and vault maps discovered:
D:        dungeon_sprint_mu [sprint_mu_entry_cave, sprint_mu_temple_rooms,
          sprint_mu_d1_horrors, sprint_mu_d2_genie, sprint_mu_d3_branching,
          sprint_mu_orc_legion, sprint_mu_elf_gauntlet, sprint_mu_hive_nellie,
          sprint_mu_lair_fedhas, sprint_mu_vaults_butterflies,
          sprint_mu_slime_circle, sprint_mu_shoals_kraken,
          sprint_mu_snake_twists, sprint_mu_blade_basic,
          sprint_mu_crypt_fortress, sprint_mu_tomb_spiral,
          sprint_mu_vestibule_basic, sprint_mu_gehenna_hellfire,
          sprint_mu_dis_giant, sprint_mu_tartarus_statrot,
          sprint_mu_cocytus_islands, sprint_mu_zot1]

Skill      XL: |  1  2  3  4 |
---------------+-------------+-----
Polearms       | 4 5 6 |  6.7
Throwing       | 2 3 |  3.8
Dodging        | 3 4 5 |  5.6
Fighting       | 3 4 |  4.1
Armour         | 1 2 |  2.1
Stealth        | 1 |  1.5

Action                     |  1- 3 |  4- 6 || total
---------------------------+-------+-------++-------
  Melee: Trident           |    23 |    28 ||    51
  Throw: Throwing net      |     4 |       ||     4
         Javelin           |       |     1 ||     1
    Use: Potion            |       |     2 ||     2
   Stab: Sleeping          |     1 |       ||     1
 Armour: Leather armour    |     4 |     5 ||     9
  Dodge: Dodged            |     7 |     6 ||    13
  Block: Other             |       |     2 ||     2

Table legend: (Time is in decaauts)
 A = Elapsed time spent in this place.
 B = Non-inter-level travel time spent in this place.
 C = Inter-level travel time spent in this place.
 D = Time resting spent in this place.
 E = Time spent auto-exploring this place.
 F = Levels seen in this place.
 G = Mean time per level.
                   A        B        C        D        E       F      G
               +--------+--------+--------+--------+--------+-----+--------+
         Total |   1079 |   1079 |      0 |    932 |     30 |   1 | 1079.0 |
       Dungeon |   1079 |   1079 |      0 |    932 |     30 |   1 | 1079.0 |
               +--------+--------+--------+--------+--------+-----+--------+

Top non-repeatable levels by time:
       D: 1079 daAuts
